 Dungeon Crawl Stone Soup version 0.31-a0-236-g9a0961fb85 (webtiles) character file.

Game seed: 13824161408547927138

249 qw the Shooter (level 6, 0/37 HPs)
             Began as a Gargoyle Hexslinger on July 10, 2023.
             Slain by an orc
             ... wielding a +1 flail of venom
              (3 damage)
             ... on level 4 of the Dungeon.
             The game lasted 00:01:18 (2491 turns).

qw the Shooter (Gargoyle Hexslinger)                Turns: 2491, Time: 00:01:18

Health: 0/37       AC: 11    Str: 12    XL:     6   Next: 12%
Magic:  7/7        EV: 10    Int: 15    God:
Gold:   55         SH:  0    Dex: 14    Spells: 6/7 levels left

rFire   + . .        Y - +3 sling
rCold   + . .        (no shield)
rNeg    + . .        i - +0 ring mail
rPois   inf          b - +0 helmet
rElec   +            (no cloak)
rCorr   .            (no gloves)
SInv    .            e - +0 pair of boots
Will    .....        (no amulet)
Stlth   +            a - ring "Xuemeh" {rF+ rC+ Int+2}
HPRegen 0.26/turn    (no ring)
MPRegen 0.10/turn

%: no passive effects
@: no status effects
A: sickness immunity, AC +4, negative energy resistance 1, electricity
resistance, torment resistance 1, petrification resistance
a: no special abilities


You were on level 4 of the Dungeon.
You visited 1 branch of the dungeon, and saw 4 of its levels.

You collected 224 gold pieces.
You spent 169 gold pieces at shops.


Innate Abilities, Weirdness & Mutations

You are immune to sickness and miasma.
Your stone body is resilient. (AC +4)
You are immune to poison.
You resist negative energy. (rN+)
You are resistant to electric shocks. (rElec)
You are resistant to unholy torment.
You are immune to petrification.


   Skills:
 - Level 3.0 Fighting
 + Level 5.4 Ranged Weapons
 - Level 1.0 Armour
 - Level 1.5 Dodging
 - Level 1.0 Spellcasting
 - Level 2.6 Hexes


You had 6 spell levels left.
You knew the following spells:

 Your Spells              Type           Power      Damage    Failure   Level
a - Slow                  Hex            32%        N/A       19%         1

Your spell library contained the following spells:

 Spells                   Type           Power      Damage    Failure   Level
 Inner Flame              Hex/Fire       4%         N/A       67%         3
 Portal Projectile        Hex/Tloc       8%         N/A       67%         3
 Cause Fear               Hex            4%         N/A       88%         4

Inventory:

Hand Weapons
 Y - a +3 sling (weapon)
Armour
 b - a +0 helmet (worn)
 e - a +0 pair of boots (worn)
 i - a +0 ring mail (worn)
Jewellery
 a - the ring "Xuemeh" (left hand) {rF+ rC+ Int+2}
   (You acquired it on level 1 of the Dungeon)

   [ring of protection from fire]

   Int:       It affects your intelligence (+2).
   rF:        It protects you from fire.
   rC:        It protects you from cold.
Scrolls
 c - 2 scrolls of identify
Potions
 f - a potion of enlightenment {unknown}
 g - a potion of mutation {unknown}
 h - a potion of lignification {unknown}
 j - a potion of attraction {unknown}
 k - a potion of curing

Dungeon Overview and Level Annotations

Branches:
Dungeon (4/15)
 Temple: D:4-7

Altars:

Shops:
D:3 !


Message History

The sling bullet hits Blork the orc!
Blork the orc is moderately wounded.
You shoot a sling bullet. The sling bullet hits Blork the orc.
Blork the orc is moderately wounded.
The orc priest invokes the aid of Beogh against you.
Beogh smites you!
You shoot a sling bullet.
The sling bullet closely misses Blork the orc.
The sling bullet hits the orc priest.
The orc priest is moderately wounded.
Blork the orc hits you with a +0 hand axe.
You shoot a sling bullet. The sling bullet hits Blork the orc.
Blork the orc is heavily wounded.
The orc hits you with a +1 flail of venom.
Blork the orc screams, "I'll crush all your ribs!
One by one!"
The orc hits you but does no damage.
The orc priest hits you with a +0 hand axe.
You shoot a sling bullet. The sling bullet hits Blork the orc.
Blork the orc is severely wounded.
The orc hits you with a +1 flail of venom!
Blork the orc hits you but does no damage.
The orc priest misses you. The orc closely misses you.
You shoot a sling bullet. The sling bullet hits Blork the orc.
Blork the orc is severely wounded.
The orc barely misses you.
The orc priest hits you but does no damage.
Blork the orc hits you but does no damage.
The orc hits you but does no damage.
You shoot a sling bullet. The sling bullet hits Blork the orc.
Blork the orc is almost dead.
The orc closely misses you. Blork the orc casts a spell at you.
The puff of frost misses you.
The orc priest calls down the wrath of Beogh upon you.
Beogh smites you! The orc closely misses you.
You shoot a sling bullet. The sling bullet hits Blork the orc.
You kill Blork the orc!
The orc priest completely misses you. The orc hits you but does no damage.
The orc hits you with a +1 flail of venom.
You die...

......................
##+######.##..###.#.###.
.... #.##..# #.#.###.
..... #.##..# #.......
..... #.##..# #.#.....
...... #.##..##........
......###.##......#.###.
.....oo)..........#. #.
.....oo@......... . #.
......o##.##..#.. ..
....... #.....# ...
....... ####..# #.
......# .# #. ...... #
.. ...... .# ##+### ..
.#


You could see 2 orc priests and 3 orcs.

Vanquished Creatures
  Blork the orc (D:4)
  A gnoll bouda (D:4)
  Robin (D:1)
  5 adders
  7 gnolls
  4 worms
  A dart slug (D:2)
  An orc (D:2)
  4 ball pythons
  10 endoplasms
  A giant cockroach (D:2)
  6 hobgoblins
  3 jackals (D:3)
  6 kobolds
  A quokka (D:1)
  4 bats
  5 frilled lizards
  15 goblins
  5 rats
81 creatures vanquished.

Notes
Turn   | Place    | Note
-------+----------+-------------------------------------------
     0 | D:1      | qw the Gargoyle Hexslinger began the quest for the Orb.
     0 | D:1      | Reached XP level 1. HP: 12/12 MP: 2/2
     0 | D:1      | 0 ||| qw: Version: 0.3-a-52-g30416fa
     0 | D:1      | 0 ||| qw: Game counter: 4866
     0 | D:1      | 0 ||| qw: Melee chars always use a shield: true
     0 | D:1      | 0 ||| qw: God list: Okawaru
     0 | D:1      | 0 ||| qw: Allow faded altars: false
     0 | D:1      | 0 ||| qw: Do Orc after clearing Dungeon:15 true
     0 | D:1      | 0 ||| qw: Do second Lair branch before Depths: true
     0 | D:1      | 0 ||| qw: Lair rune preference: random
     0 | D:1      | 0 ||| qw: Goals: Normal
     0 | D:1      | 0 ||| PLANNING D:1-11
    74 | D:1      | Reached XP level 2. HP: 16/16 MP: 3/3
   197 | D:1      | 197 ||| Stepping ~*~*~tactically~*~*~ (outnumbered).
   200 | D:1      | Reached skill level 3 in Ranged Weapons
   263 | D:1      | Reached XP level 3. HP: 20/20 MP: 4/4
   665 | D:1      | 665 ||| DROPPING scarf of harm.
   666 | D:1      | 666 ||| UPGRADING to +0 pair of boots.
   671 | D:1      | 671 ||| UPGRADING to +0 ring mail.
   681 | D:1      | 681 ||| DROPPING +0 robe.
   682 | D:1      | 682 ||| READING scroll labelled GAUNWO ZEUSCHO.
   683 | D:1      | 683 ||| READING scroll labelled ZEDIR HYONGUO.
   683 | D:1      | Identified a scroll of acquirement
   683 | D:1      | 683 ||| ACQUIRING ring "Xuemeh" {rF+ rC+ Int+2}
   683 | D:1      | Acquired the ring "Xuemeh" {rF+ rC+ Int+2}
   685 | D:1      | 685 ||| UPGRADING to ring "Xuemeh" {rF+ rC+ Int+2}.
   686 | D:1      | 686 ||| READING scroll labelled LIMAMU LIDGHOO.
   687 | D:1      | 687 ||| READING scroll labelled SOMOCS KIATIFO.
   688 | D:1      | 688 ||| DROPPING scroll of poison.
   715 | D:2      | Found a faded altar of an unknown god.
   736 | D:2      | Reached skill level 1 in Armour
   740 | D:2      | HP: 5/21 [goblin/+0 dagger[Robin] (2)]
   777 | D:2      | 777 ||| FLEEEEING.
   778 | D:2      | 778 ||| FLEEEEING.
   779 | D:2      | 779 ||| STAIRDANCE
   815 | D:2      | Noticed Robin
   820 | D:2      | 820 ||| STAIRDANCE
   855 | D:2      | 855 ||| STAIRDANCE
   860 | D:1      | Killed Robin
   861 | D:1      | Reached XP level 4. HP: 21/26 MP: 5/5
   882 | D:1      | 882 ||| UPGRADING to +0 helmet.
   977 | D:2      | Reached skill level 4 in Ranged Weapons
  1171 | D:2      | Reached XP level 5. HP: 26/30 MP: 6/6
  1438 | D:2      | 1438 ||| READING 2 scrolls labelled TOROOWILUY.
  1439 | D:2      | 1439 ||| READING 2 scrolls labelled XIVO SOANEO.
  1440 | D:2      | 1440 ||| DROPPING scroll of vulnerability.
  1441 | D:2      | 1441 ||| DROPPING scroll of blinking.
  1556 | D:3      | 1556 ||| FLEEEEING.
  1563 | D:3      | 1563 ||| FLEEEEING.
  1564 | D:3      | 1564 ||| FLEEEEING.
  1565 | D:3      | 1565 ||| FLEEEEING.
  1567 | D:3      | 1567 ||| FLEEEEING.
  1568 | D:3      | 1568 ||| STAIRDANCE
  1585 | D:3      | 1585 ||| STAIRDANCE
  1615 | D:3      | Reached skill level 5 in Ranged Weapons
  1804 | D:3      | Found Xoihig's Distillery.
  1813 | D:3      | 1813 ||| BUYING 2 potions of heal wounds (130 gold).
  1813 | D:3      | Bought 2 potions of heal wounds for 130 gold pieces
  1813 | D:3      | 1813 ||| BUYING potion of curing (39 gold).
  1813 | D:3      | Bought a potion of curing for 39 gold pieces
  1813 | D:3      | 1813 ||| SHOPLISTING potion of might (52 gold, have 21).
  1823 | D:3      | 1823 ||| READING scroll of enchant weapon.
  1823 | D:3      | 1823 ||| ENCHANTING +2 sling.
  2080 | D:3      | 2080 ||| READING scroll labelled TEDIRY YLOLUU.
  2200 | D:4      | Reached skill level 3 in Fighting
  2200 | D:4      | HP: 2/32 [gnoll bouda/+0 whip (8)]
  2201 | D:4      | 2201 ||| DRINKING 2 potions of heal wounds.
  2212 | D:4      | HP: 8/32 [gnoll bouda/+0 whip (4)]
  2213 | D:4      | 2213 ||| DRINKING potion of heal wounds.
  2226 | D:4      | Reached XP level 6. HP: 15/37 MP: 7/7
  2280 | D:4      | 2280 ||| FLEEEEING.
  2281 | D:4      | 2281 ||| FLEEEEING.
  2286 | D:4      | 2286 ||| FLEEEEING.
  2287 | D:4      | 2287 ||| FLEEEEING.
  2291 | D:4      | 2291 ||| FLEEEEING.
  2292 | D:4      | 2292 ||| FLEEEEING.
  2293 | D:4      | 2293 ||| FLEEEEING.
  2483 | D:4      | Noticed Blork the orc
  2490 | D:4      | HP: 3/37 [orc priest/divine providence (12)]
  2491 | D:4      | Killed Blork the orc
  2491 | D:4      | Slain by an orc

Levels and vault maps discovered:
D:1:      dpeg_arrival_line_fractal, layout_loops_cross,
          dreamdust_princess_bridge
D:2:      kennysheep_six_static_rooms, layout_rooms, basic_ecumenical_altar,
          minmay_box_of_dots, uniq_robin
D:3:      layout_basic, serial_shops, shop
D:4:      layout_basic, nicolae_gozag_seed_capital, uniq_blork_the_orc

Skill      XL: |  1  2  3  4  5 |
---------------+----------------+-----
Ranged Weapons | 3 4 5 |  5.4
Fighting       | 2 3 |  3.0
Armour         | 1 |  1.0
Dodging        | |  1.5
Spellcasting   | |  1.0
Hexes          | |  2.6

Action                     |  1- 3 |  4- 6 || total
---------------------------+-------+-------++-------
   Fire: Sling             |   103 |   188 ||   291
    Use: Scroll            |     4 |     4 ||     8
         Potion            |       |     2 ||     2
 Armour: Robe              |     4 |       ||     4
         Ring mail         |    32 |    63 ||    95
  Dodge: Dodged            |    51 |    70 ||   121

Table legend:
 A = Non-vault XP
 B = Vault XP
 C = Vault XP percentage of total XP
 D = Non-vault monster count
 E = Vault monster count
 F = Vault count percentage of total count
                 A         B        C        D         E       F
            +---------+---------+-------+---------+---------+-------
      Total |     263 |     189 |  41.8 |      58 |      23 |  28.4
            +---------+---------+-------+---------+---------+-------
        D:1 |      47 |      17 |  26.6 |      21 |       2 |   8.7
        D:2 |      70 |      76 |  52.1 |      18 |      20 |  52.6
        D:3 |       9 |       0 |   0.0 |       5 |       0 |   0.0
        D:4 |     137 |      96 |  41.2 |      14 |       1 |   6.7
            +---------+---------+-------+---------+---------+-------
